[Event "24th European Women-ch 2024"]
[Site "Rhodes"]
[Date "2024.04.20"]
[Round "2.17"]
[White "Vega Gutierrez, Sabrina"]
[Black "Borosova, Zuzana"]
[Result "1/2-1/2"]
[ECO "B12"]
[WhiteElo "2383"]
[BlackElo "2225"]
[Annotator "TA"]
[PlyCount "135"]
[EventDate "2024.04.18"]
[EventType "swiss"]
[EventCountry "GRE"]
[SourceTitle "playchess.com"]
[Source "ChessBase"]
[SourceQuality "1"]
[TimeControl "40/5400+30:1800+30"]

1. e4 c6 2. d4 d5 3. e5 Bf5 4. Nf3 e6 5. c3 Nd7 6. Be2 {[%emt 1:31:22] B12: Caro-Kann: Advance Variation.} a5 $1 {[%emt 0:07:25][%mdl 4] now scores much better than the old 6...Ne7.} 7. Nbd2 h6 $146 ({Predecessor:} 7... a4 8. Nf1 h6 9. Ne3 Bh7 10. O-O Ne7 11. Bd2 Nf5 12. b3 Be7 13. c4 O-O {½-½ Bartel,M (2651)-Maghsoodloo,P (2707) FIDE Grand Swiss 2023 (6)}) 8. Nf1 Qc7 9. Ne3 Bh7 10. O-O Ne7 11. Bd3 Bxd3 12. Qxd3 f6 13. exf6 gxf6 14. c4 Kf7 15. cxd5 cxd5 16. Nh4 Rg8 17. Qe2 f5 18. Re1 Ra6 {[%emt 0:00:30] [#]} (18... Nf6 $16) 19. Bd2 (19. Qh5+ Ng6 20. Nxg6 Rxg6 $16) (19. g3 $1 $18) 19... Nf6 $16 20. Rac1 Qd6 21. Nf3 Ng6 {[%emt 0:00:00] [#]} 22. Ne5+ (22. g3 $1 $16 ) 22... Nxe5 $11 23. dxe5 Qxe5 24. Qb5 Qb8 25. Nf1 Bd6 26. Bc3 Rd8 27. Qe2 Bf4 28. Bxf6 Kxf6 29. Rc3 Rg8 30. g3 Qe8 31. Rf3 Bb8 32. Ne3 Qd7 33. Qd2 Kg6 34. Nc2 Rc8 ({Better is} 34... Rf8 $15) 35. Nd4 $11 Ba7 36. Rfe3 Bxd4 37. Qxd4 Rac6 38. Kg2 Kf7 39. Qh4 Kg7 40. g4 fxg4 41. Qxg4+ Kh7 42. Rxe6 Rxe6 43. Qxe6 Rg8+ 44. Kf1 Qb5+ (44... Qxe6 {simplifies} 45. Rxe6 Rg6 46. Re7+ Rg7) 45. Qe2 Qxe2+ 46. Rxe2 Kg6 47. Re6+ Kf5 $1 48. Rxh6 Rc8 49. Rb6 Ke4 50. h4 Kd3 51. Rxb7 d4 52. Rd7 Rh8 53. Rd5 Rxh4 54. Rxa5 Rh1+ 55. Kg2 Rb1 56. Rb5 Ke2 ({Don't play} 56... Kc2 57. Rc5+ Kxb2 58. Rb5+ Kc2 59. Rc5+ Kd2 60. a4 $17) 57. Re5+ Kd2 58. Kf3 d3 59. Rb5 Ke1 60. Ke3 d2 61. Rh5 d1=N+ 62. Kd4 Rxb2 63. f4 Rxa2 64. f5 Ra4+ (64... Ra5 $5) 65. Kd3 (65. Ke5 $11 {remains equal.}) 65... Rf4 ({Black should try} 65... Kf2 $17) 66. Rh1+ $11 Kf2 67. Rxd1 Rxf5 68. Ke4 1/2-1/2

[Event "24th European Women-ch 2024"]
[Site "Rhodes"]
[Date "2024.04.19"]
[Round "1.7"]
[White "Manakova, Maria"]
[Black "Batsiashvili, Nino"]
[Result "1-0"]
[ECO "C54"]
[WhiteElo "2148"]
[BlackElo "2445"]
[Annotator "TA"]
[PlyCount "93"]
[EventDate "2024.04.18"]
[EventType "swiss"]
[EventCountry "GRE"]
[SourceTitle "playchess.com"]
[Source "ChessBase"]
[SourceQuality "1"]
[TimeControl "40/5400+30:1800+30"]

1. e4 e5 2. Nf3 Nc6 3. Bc4 Nf6 4. d3 Bc5 5. O-O d6 6. c3 a6 7. Bb3 Ba7 8. Re1 $1 {[%emt 0:00:26][%mdl 4] now scores much better than the old 8.Nbd2.} h6 {[%emt 0:00:12] C54: Giuoco Piano: 4 c3 Nf6, main lines with 5 d4 and 5 d3.} 9. Be3 Bxe3 10. Rxe3 g5 $146 ({Predecessor:} 10... O-O 11. Nbd2 d5 12. h3 Be6 13. Nxe5 Nxe5 14. exd5 Neg4 15. hxg4 Bxg4 16. f3 Bf5 {1-0 Aronian,L (2742)-Shankland,S (2698) USA-ch Saint Louis 2023 (10)}) 11. d4 Qe7 12. Nbd2 Bd7 13. d5 Nb8 14. c4 O-O 15. h3 g4 16. Nh4 (16. hxg4 $14 Nxg4 17. Re2) 16... h5 (16... gxh3 $11 17. Rg3+ (17. gxh3 Kh7 $11) 17... Kh8) 17. Nf5 (17. g3 $16) 17... Bxf5 $11 18. exf5 Nbd7 19. Nf1 Kg7 20. Rc1 Rh8 21. Rcc3 Rag8 22. h4 Nh7 (22... Rb8 $11) 23. Ba4 $14 Nc5 24. f6+ $1 Qxf6 25. Ng3 Kf8 $2 (25... Qxh4 $2 26. Nf5+ Kf8 27. Nxh4 $18) (25... Nf8 $14) 26. Bc2 Qxh4 27. b4 Nd7 28. c5 Qd8 29. c6 $2 ({White has to play} 29. Bxh7 $18 Rxh7 30. cxd6 cxd6 31. Qc2) 29... bxc6 $15 (29... h4 30. Nf5 bxc6 31. dxc6 $11) 30. dxc6 Nb6 31. Bxh7 (31. Nxh5 $2 Qh4 (31... Nf6 $2 32. Ng3 $19) 32. Ng3 Nf6 $19) (31. Rxe5 Qf6 32. Ree3 (32. Nxh5 $2 Qxe5 33. Ng3 Qxc3 $19) 32... Ng5 $11) 31... Rxh7 32. Qd3 Kg7 33. Ra3 Kh8 34. Rxa6 h4 35. Nf5 {[%emt 0:00:50] [#]} Rh5 (35... Qf6 $1 $17 {...d5 would now be deadly.} 36. Re1 (36. Nxd6 $2 cxd6 37. Rxb6 h3 $19) 36... d5) 36. Rxb6 $1 $11 cxb6 37. Nxd6 Qe7 38. Qd5 Kg7 39. Rd3 h3 (39... Rd8 $11 {keeps the balance.}) 40. Qc4 (40. gxh3 $16 gxh3 41. Rg3+ Kf8 42. Kh2 Rxg3 43. fxg3) 40... h2+ (40... e4 $1 $11 41. Rd5 Rxd5 42. Qxd5 Qf6) 41. Kh1 $16 e4 {[%emt 0:12:26] [#]} 42. Rd5 (42. Rd4 $1 $16 {[%cal Oc6c7] Strongly threatening c7!} Qf6 43. c7 (43. Nxe4 Qe5 $16)) 42... Rd8 $2 (42... Rxd5 $11 43. Qxd5 Qf6 44. Nxe4 Qf4) 43. Qd4+ $18 (43. Rxh5 Qxd6 44. Qb5 (44. Qxe4 $2 Qd1+ 45. Kxh2 g3+ 46. Kxg3 Qxh5 $19) 44... Qf6 45. Qg5+ (45. Kxh2 Qf4+ 46. Kg1 Rd1+) (45. Qxb6 Rd1+ 46. Kxh2 Qf4+ 47. g3 Qf3 48. Rg5+ Kh6 49. c7+ f6) 45... Qxg5 46. Rxg5+ Kf6 47. Rxg4 Ke5 $18) 43... Kg6 44. Nf5 $1 (44. Qxe4+ {leads to mate.} Qxe4) (44. c7 Qxc7 45. Qxe4+ f5 $17) 44... Rxf5 45. Rxd8 Rb5 46. Rg8+ Kf5 47. Qd7+ (47. Kxh2 Qc7+ 48. g3 Qxc6 $18) 1-0